AoeStats
← kV0t3

Golden Pit

508149308Analyzed
1v1 RM · 11d ago on Sep 21, 2026· 42m 8s· 2 players
Game mode
Random Map
Map size
Tiny (2 player)
Population
200
Speed
Normal
Resources
Standard
Victory
Conquest
Starting age
Dark Age
Ending age
Imperial Age
RankedLock teamsTeams togetherTeam positionsShared explorationLock speedFull tech treeHidden civsTurbo modeCheats
Victory
Defeat
🇦🇷 Tatars · Argentina
1175
+18
🇦🇷 Italians · Argentina
1217
-18
Lechugamer
11:06 Feudal Age
14:41 Castle Age
13:05 Double-Bit Axe
14:35 Fletching
26:27 Bow Saw
25:58 Horse Collar
26:31 Bodkin Arrow
28:20 Padded Archer Armor
31:39 Imperial Age
29:47 Wheelbarrow
28:57 Loom
28:58 Town Watch
29:56 Leather Archer Armor
31:16 Heavy Plow
31:33 Hand Cart
31:11 Gold Mining
31:12 Stone Mining
31:51 Bloodlines
31:43 Husbandry
32:45 Conscription
34:43 Gold Shaft Mining
35:02 Bracer
34:52 Elite Keshik
36:48 Silk Armor
37:22 Ring Archer Armor
37:15 Ballistics
37:56 Chemistry
37:18 Scale Barding Armor
37:24 Forging
38:50 Crop Rotation
38:21 Heavy Cavalry Archer
39:25 Chain Barding Armor
40:27 Iron Casting
40:21 Timurid Siegecraft
41:14 Chemistry
40:36 Siege Engineers
kV0t3
7:01 Loom
9:47 Feudal Age
8:05 Loom
13:27 Castle Age
11:36 Double-Bit Axe
15:44 Bow Saw
21:26 Fletching
22:20 Bodkin Arrow
25:43 Wheelbarrow
25:55 Ballistics
26:35 Gold Mining
26:29 Horse Collar
27:12 Guard Tower
31:49 Imperial Age
31:03 Padded Archer Armor
31:08 Elite Skirmisher
31:59 Town Watch
32:31 Leather Archer Armor
32:34 Bracer
33:36 Chemistry
33:42 Keep
35:33 Masonry
35:05 Treadmill Crane
35:56 Ring Archer Armor
Connection lost

Rejoining the realm…

Still unreachable

The connection could not be restored.

Session expired

The server has moved on; the page needs a fresh start.